AoeStats
← Chigüiro

Arena

510228384Analyzed
4v4 RM · 1d ago on Sep 30, 2026· 36m 34s· 8 players
Game mode
Random Map
Map size
Large (8 player)
Population
200
Speed
Normal
Resources
Standard
Victory
Conquest
Starting age
Dark Age
Ending age
Imperial Age
RankedLock teamsTeams togetherTeam positionsShared explorationLock speedFull tech treeHidden civsTurbo modeCheats
Victory
Defeat
🇦🇷 Celts · Argentina
1976
+4
🇮🇹 Huns · Italy
1943
+4
🇲🇽 Saxons · Mexico
1873
+6
🇲🇽 Dravidians · Mexico
1669
+11
🇧🇷 Chinese · Brazil
1706
-10
🇹🇼 Burgundians · Taiwan
1600
-6
🇨🇴 Bengalis · Colombia
1587
-5
🇺🇸 Varangians · United States
1515
-4
VENON | OIGRES
5:52 Loom
8:04 Feudal Age
6:24 Loom
8:55 Double-Bit Axe
12:28 Horse Collar
18:08 Fletching
22:05 Castle Age
22:13 Gold Mining
22:59 Bow Saw
23:31 Gold Shaft Mining
31:26 Wheelbarrow
32:02 Sanctity
32:22 Redemption
33:41 Hand Cart
39:15 Imperial Age
EL MAYA
11:20 Feudal Age
15:24 Castle Age
13:13 Double-Bit Axe
13:30 Horse Collar
17:49 Bow Saw
18:06 Heavy Plow
21:16 Fletching
21:53 Loom
22:45 Wheelbarrow
25:44 Bodkin Arrow
27:47 Hand Cart
30:34 Imperial Age
29:14 Padded Archer Armor
29:39 Hand Cart
29:57 Ballistics
31:47 Bracer
32:03 Leather Archer Armor
33:13 Chemistry
32:36 Conscription
33:53 Two-Man Saw
34:25 Ring Archer Armor
34:14 Thumb Ring
35:11 Elite Elephant Archer
OS | 展毅
11:15 Feudal Age
12:25 Double-Bit Axe
12:48 Horse Collar
15:19 Castle Age
15:42 Light Cavalry
19:45 Loom
21:44 Husbandry
23:01 Fervor
23:27 Wheelbarrow
24:37 Heavy Plow
25:21 Bow Saw
26:05 Hand Cart
26:20 Bloodlines
26:36 Scale Barding Armor
27:51 Chain Barding Armor
28:10 Forging
29:02 Town Watch
31:53 Imperial Age
29:39 Stone Mining
29:39 Gold Mining
29:53 Marauders
31:19 Iron Casting
32:04 Elite Tarkan
33:12 Conscription
33:28 Plate Barding Armor
34:16 Blast Furnace
35:38 Gold Shaft Mining
36:06 Caravan
36:36 Coinage
36:17 Guilds
37:17 Two-Man Saw
Gary_zZ
10:19 Feudal Age
11:16 Double-Bit Axe
14:05 Castle Age
12:44 Horse Collar
15:10 Bow Saw
15:17 Heavy Plow
18:23 Wheelbarrow
21:31 Hand Cart
21:20 Gold Mining
22:50 Stone Mining
24:45 Gold Shaft Mining
27:59 Imperial Age
26:47 Stone Shaft Mining
27:19 Ballistics
27:54 Scale Mail Armor
28:04 Forging
29:46 Chemistry
28:24 Capped Ram
28:24 Heavy Scorpion
28:36 Pikeman
29:42 Chain Mail Armor
29:56 Siege Ram
30:43 Halberdier
31:57 Plate Mail Armor
32:45 Furor Celtica
34:16 Iron Casting
35:50 Conscription
36:02 Elite Woad Raider
37:43 Blast Furnace
Polestar
10:56 Feudal Age
10:28 Loom
15:52 Castle Age
14:47 Double-Bit Axe
14:43 Horse Collar
17:37 Forging
18:02 Bloodlines
23:37 Bow Saw
23:28 Heavy Plow
24:03 Scale Barding Armor
30:48 Imperial Age
29:18 Gold Mining
29:19 Stone Mining
30:17 Wheelbarrow
30:33 Iron Casting
30:33 Husbandry
31:31 Chain Barding Armor
30:54 Cavalier
33:25 Blast Furnace
34:44 Stone Shaft Mining
33:56 Vendel Legacy
Chigüiro
11:10 Feudal Age
15:22 Castle Age
13:20 Horse Collar
14:10 Double-Bit Axe
16:01 Forging
16:04 Pikeman
18:34 Scale Mail Armor
20:40 Squires
22:15 Chain Mail Armor
24:37 Iron Casting
31:08 Imperial Age
29:17 Gold Mining
30:05 Wheelbarrow
29:43 Bow Saw
30:16 Fletching
31:20 Onager
34:14 Chemistry
33:21 Loom
33:41 Bodkin Arrow
Sung Jinwoo
0:26 Loom
11:08 Feudal Age
12:20 Double-Bit Axe
12:18 Horse Collar
14:47 Castle Age
15:43 Bow Saw
16:10 Fletching
20:14 Bodkin Arrow
24:32 Wheelbarrow
24:00 Heavy Plow
25:56 Hand Cart
26:56 Padded Archer Armor
27:34 Gold Mining
31:28 Imperial Age
30:19 Leather Archer Armor
30:57 Ballistics
32:13 Bracer
33:32 Chemistry
32:16 Elite Chu Ko Nu
34:39 Murder Holes
鼠條
2:36 Double-Bit Axe
7:21 Horse Collar
8:35 Loom
8:42 Loom
11:20 Feudal Age
16:15 Castle Age
22:10 Wheelbarrow
23:33 Bow Saw
24:02 Stone Mining
25:58 Hand Cart
26:28 Stone Shaft Mining
33:13 Imperial Age
31:18 Fortified Wall
31:40 Scale Barding Armor
31:45 Forging
33:20 Chain Barding Armor
33:06 Gold Mining
33:40 Husbandry
34:21 Light Cavalry
36:18 Iron Casting
36:41 Conscription
Connection lost

Rejoining the realm…

Still unreachable

The connection could not be restored.

Session expired

The server has moved on; the page needs a fresh start.